 Dungeon Crawl Stone Soup version 0.21.1-1-g345015fe64 (webtiles) character file.

35 Helluva the Cudgeler (level 3, -2/36 HPs)
             Began as a Troll Berserker on Mar 3, 2018.
             Was a Follower of Trog.
             Slain by a worm (6 damage)
             ... on level 3 of the Dungeon.
             The game lasted 00:05:53 (960 turns).

Helluva the Cudgeler (Troll Berserker)               Turns: 960, Time: 00:05:53

Health: -2/36      AC:  5    Str: 26    XL:     3   Next: 17%
Magic:  2/2        EV: 10    Int:  3    God:    Trog [*.....]
Gold:   40         SH:  0    Dex:  9    Spells: 2/2 levels left

rFire    . . .     SeeInvis .   p - potion of curing
rCold    . . .     Gourm    +   (no shield)
rNeg     . . .     Faith    .   b - +0 animal skin
rPois    .         Spirit   .   (helmet restricted)
rElec    .         Reflect  .   (no cloak)
rCorr    .         Harm     .   (gloves unavailable)
MR       .....                  (boots unavailable)
Stlth    +.........             (no amulet)
HPRegen  0.52/turn              (no ring)
MPRegen  0.08/turn              (no ring)

@: no status effects
A: large, unfitting armour, claws 3, fast metabolism 3, gourmand, regeneration
1, shaggy fur 1, tough skin 2
a: Berserk, Burn Spellbooks, Renounce Religion


You were on level 3 of the Dungeon.
You worshipped Trog.
Trog was aware of your devotion.
You were not hungry.

You visited 1 branch of the dungeon, and saw 3 of its levels.

You collected 40 gold pieces.

Inventory:

Hand Weapons
 a - a +0 mace
 n - a +0 dagger
 q - a +0 spear
Armour
 b - a +0 animal skin (worn)
 h - a +0 helmet
Jewellery
 j - an uncursed ring of protection from magic {unknown}
 m - a cursed ring of loudness {unknown}
Scrolls
 d - 2 scrolls of identify {unknown}
 f - a scroll of enchant armour {unknown}
 g - a scroll of remove curse {unknown}
 i - a scroll of immolation {unknown}
Potions
 e - a potion of cancellation {unknown}
 k - a potion of flight {unknown}
 l - a potion of mutation {unknown}
 o - a potion of heal wounds {unknown}
 p - a potion of curing (in claw)
Comestibles
 c - 3 rations


   Skills:
 + Level 2.9 Fighting
 + Level 3.1 Maces & Flails
 + Level 2.8 Dodging
 + Level 0.1 Unarmed Combat


You had 2 spell levels left.
You didn't know any spells.

Dungeon Overview and Level Annotations

Branches:
Dungeon (3/15)

Altars:
Cheibriados


Innate Abilities, Weirdness & Mutations

You are too large for most types of armour.
You have claws for hands.
Your metabolism is lightning-fast.
You like to eat raw meat.
Your natural rate of healing is unusually fast.
You are covered in fur. (AC +1)
You have very tough skin. (AC +2)


Message History

You barely miss the worm. The worm bites you but does no damage.
You barely miss the worm.
You hear the rusting of a very distant drain.
The worm closely misses you.
You barely miss the worm. The worm bites you.
* * * LOW HITPOINT WARNING * * *
You clumsily bash the worm but do no damage.
The worm barely misses you.
You clumsily bash the worm but do no damage.
The worm closely misses you.
You clumsily bash the worm but do no damage.
The worm bites you.
* * * LOW HITPOINT WARNING * * *
You clumsily bash the worm but do no damage.
The worm closely misses you.
You clumsily bash the worm but do no damage.
You barely miss the worm. The worm bites you but does no damage.
You clumsily bash the worm but do no damage.
The worm bites you.
You die...

...$†.......#..#.##.#
.........##.#.....#.#
.#(......##.##.#..#.#
≈.>......##.##.#..#.#
≈...##.####.........#
≈...##.##########.###
.........# #†#
####.#.#.########.#######
.# #.......w@.....(>. .#
.########.#####. .# ...
.# .##.# .. .# # ## .# ..
.$


You could see a worm.

Vanquished Creatures
  2 dart slugs (D:1)
  A leopard gecko (D:3)
  2 bats
  2 giant cockroaches (D:1)
  3 hobgoblins
  4 jackals (D:1)
  3 kobolds
  2 quokkas (D:3)
  A frilled lizard (D:1)
  3 goblins
  3 rats
26 creatures vanquished.

Notes
Turn   | Place    | Note
-------+----------+-------------------------------------------
     0 | D:1      | Helluva the Troll Berserker began the quest for the Orb.
     0 | D:1      | Reached XP level 1. HP: 22/22 MP: 0/0
   299 | D:1      | Reached XP level 2. HP: 29/29 MP: 1/1
   314 | D:1      | Reached skill level 3 in Maces & Flails
   860 | D:3      | Reached XP level 3. HP: 32/36 MP: 2/2
   869 | D:3      | Found a snail-covered altar of Cheibriados.
   956 | D:3      | HP: 1/36 [worm (5)]
   960 | D:3      | Slain by a worm

Skill      XL: |  1  2 |
---------------+-------+-----
Maces & Flails | 3 |  3.1
Fighting       | |  2.9
Dodging        | |  2.8
Unarmed Combat | |  0.1

Action                   || total
-------------------------++-------
Melee: Mace              ||    77
       Unarmed           ||    16
  Eat: Chunk             ||     2
       Ration            ||     2
Armor: Animal skin       ||    54
Dodge: Dodged            ||    72
